 Dungeon Crawl Stone Soup version 0.17-a0-649-g87edefa (webtiles) character file.

112827 hulla the Transmogrifier (level 16, -3/141 HPs)
             Began as an Octopode Earth Elementalist on Apr 17, 2015.
             Was the Champion of Sif Muna.
             Slain by Rupert
             ... wielding a +1 battleaxe of chopping
              (8 damage)
             ... on level 4 of the Orcish Mines.
             The game lasted 09:45:50 (60013 turns).

hulla the Transmogrifier (OpEE)                    Turns: 60013, Time: 09:45:50

Health: -3/141     AC: 10    Str: 16    XL:     16   Next: 61%
Magic:  27/27      EV: 13    Int: 22    God:    Sif Muna [******]
Gold:   2123       SH:  0    Dex: 14    Spells: 9 memorised, 4 levels left

rFire  + . .     SeeInvis +       - Unarmed
rCold  . . .     Clarity  .     (shield currently unavailable)
rNeg   . . .     SustAb   .     (helmet currently unavailable)
rPois  +         Gourm    .     m - amulet of faith
rElec  .         Spirit   .     n - +1 ring of protection
rCorr  .         Warding  .     v - ring of poison resistance
rMut   .         Stasis   .     A - ring of protection from fire
MR     ++...                    Q - ring of protection from magic
Stlth  ++........               B - ring of see invisible
                                (no ring)
                                (no ring)
                                (no ring)

@: hydra-form, very resistant to hostile enchantments, unstealthy
A: almost no armour, amphibious, 8 rings, (constrict 8), (camouflage 0),
(gelatinous body 0)
a: End Transformation, Channel Energy, Forget Spell, Renounce Religion


You were on level 4 of the Orcish Mines.
You worshipped Sif Muna.
Sif Muna was exalted by your worship.
You were not hungry.
You were a 10-headed hydra.
You visited 4 branches of the dungeon, and saw 25 of its levels.

You collected 2423 gold pieces.
You spent 300 gold pieces at shops.

Inventory:

Hand weapons
 e - a +5 dagger of venom (melded)
 z - a +2 trident of protection
Missiles
 b - 268 stones
 g - 115 arrows
 P - 7 javelins
 S - 20 tomahawks (quivered)
 Z - 2 steel tomahawks
Jewellery
 m - an amulet of faith (around neck)
 n - a +1 ring of protection (left foreclaw)
 p - an uncursed ring of ice
 v - a ring of poison resistance (right foreclaw)
 A - a ring of protection from fire (on tentacle)
 B - a ring of see invisible (on tentacle)
 Q - a ring of protection from magic (on tentacle)
Magical devices
 f - a wand of heal wounds (0)
 u - a wand of cold (15)
 F - a wand of teleportation (2)
 J - a wand of confusion (26)
Scrolls
 a - a scroll of identify
 c - a scroll of fog
 h - a scroll of recharging
 j - a scroll of amnesia
 t - 8 scrolls of remove curse
 y - 8 scrolls of teleportation
 L - 3 scrolls of enchant armour
 M - 2 scrolls of silence
 O - a scroll of acquirement {unknown}
 U - a scroll of magic mapping {unknown}
Potions
 k - a potion of flight
 s - a potion of resistance
 w - 4 potions of brilliance
 x - 2 potions of heal wounds
 E - 4 potions of might
 G - 2 potions of cancellation
 H - a potion of restore abilities
 I - a potion of cure mutation
 T - a potion of magic {unknown}
 Y - a potion of curing
Books
 d - a book of the Dragon

   Spells                             Type                      Level
   a - Flight                         Charms/Air                   3
   b - Cause Fear                     Hexes                        4
   c - Bolt of Fire                   Conjuration/Fire             6
   d - Dragon Form                    Transmutation                7
   e - Dragon's Call                  Summoning                    9
 q - a book of Flames

   Spells                             Type                      Level
   a - Flame Tongue                   Conjuration/Fire             1
   b - Throw Flame                    Conjuration/Fire             2
   c - Conjure Flame                  Conjuration/Fire             3
   d - Inner Flame                    Hexes/Fire                   3
   e - Sticky Flame                   Conjuration/Fire             4
   f - Fireball                       Conjuration/Fire             5
 N - a book of Frost

   Spells                             Type                      Level
   a - Freeze                         Ice                          1
   b - Throw Frost                    Conjuration/Ice              2
   c - Ozocubu's Armour               Charms/Ice                   3
   d - Throw Icicle                   Conjuration/Ice              4
   e - Summon Ice Beast               Ice/Summoning                4
   f - Condensation Shield            Ice                          4
 V - a book of Power

   Spells                             Type                      Level
   a - Fulminant Prism                Conjuration/Hexes            4
   b - Iskenderun's Mystic Blast      Conjuration                  4
   c - Venom Bolt                     Conjuration/Poison           5
   d - Bolt of Magma                  Conjuration/Fire/Earth       5
   e - Iron Shot                      Conjuration/Earth            6
   f - Orb of Destruction             Conjuration                  7
   g - Spellforged Servitor           Conjuration/Summoning        7
Miscellaneous
 X - a phial of floods
Comestibles
 i - 22 fruits
 l - 16 bread rations
 o - 8 slices of pizza
 C - 3 meat rations
 K - 5 beef jerkies


   Skills:
 - Level 10.1 Fighting
 - Level 10.2 Dodging
 - Level 4.0 Stealth
 - Level 10.0 Unarmed Combat
 + Level 7.8 Spellcasting
 - Level 11.0 Conjurations
 - Level 13.5 Transmutations
 - Level 3.1 Fire Magic
 - Level 11.0 Earth Magic


You had 4 spell levels left.
You knew the following spells:

 Your Spells              Type           Power        Failure   Level  Hunger
a - Sandblast             Erth           ######       1%          1    None
b - Stone Arrow           Conj/Erth      ######       1%          3    None
c - Sticky Flame          Conj/Fire      #####...     4%          4    ###....
d - Stoneskin             Trmt/Erth      ######..     1%          2    None
e - Petrify               Trmt/Erth      ######..     1%          4    ###....
f - Summon Small Mammal   Summ           #...         10%         1    None
g - Sticks to Snakes      Trmt           ######....   1%          2    None
h - Hydra Form            Trmt           ######....   4%          6    ######.
w - Spider Form           Trmt/Pois      #####.....   1%          3    None


Dungeon Overview and Level Annotations

Branches:
Dungeon (13/15)            Temple (1/1) D:5            Lair (7/8) D:8
  Swamp (0/5) Lair:4        Snake (0/5) Lair:4        Slime (0/6) Lair:6
    Orc (4/4) D:9             Elf (0/3) Orc:3        Vaults (0/5) D:13

Altars:
Cheibriados
Gozag
Sif Muna
Trog
Xom
Jiyva

Shops:
D:9 **[[!   Orc:2 ?[

Annotations:
Lair:6 exclusion: downstairs
Orc:4 Rupert


Innate Abilities, Weirdness & Mutations

You cannot wear most types of armour.
You are amphibious.
You can wear up to eight rings at the same time.
((You can use your tentacles to constrict eight enemies at once.))
((Your skin changes colour to match your surroundings (Stealth).))
((Your rubbery body absorbs attacks (AC +1).))


Message History

Rupert hits you with a battleaxe of chopping!!!
Rupert slices one of your heads off!
You grow two more!
* * * LOW HITPOINT WARNING * * *
Read which item? (? for menu, Esc to quit)
As you read the scroll of fear, it crumbles to dust.
You assume a fearsome visage.
Rupert hits you with a battleaxe of chopping!!
* * * LOW HITPOINT WARNING * * *
Rupert hacks one of your heads off!
You grow two more!
* * * LOW HITPOINT WARNING * * *
Read which item? (? for menu, Esc to quit)
Okay, then.
Drink which item? (? for menu, Esc to quit)
Okay, then.
Rupert hits you with a battleaxe of chopping!
* * * LOW HITPOINT WARNING * * *
Rupert hacks one of your heads off!
You grow two more!
* * * LOW HITPOINT WARNING * * *
Rupert hits you with a battleaxe of chopping!
You die...

..## ##......##.## ##.#..##.#
..## #......#.#.## #.........
...###...........## ##.#......
..............#...# ##.........
#........##....#.## #...#......
........##.#......# #...#......
..#..............######.........#
..##..............##.#...........
<..###..........D@.........#.#...
....#.#..........................
......[[[....#.......#.....#.....
......#[....................#....
............................#....
.................................
........................#........
.......<....................#....
..........................##.....


You could see Rupert (berserk).

Vanquished Creatures
  8 vault guards (D:13)
  Fannar (Orc:2)
  4 hydras
  A centaur warrior (D:13)
  5 death yaks
  Urug (Orc:3)
  An orc high priest (Orc:4)
  Nergalle (Orc:3)
  An unseen horror (D:13)
  2 orc knights
  A hill giant (D:13)
  3 orc sorcerers (Orc:2)
  A wolf spider (Lair:7)
  5 cyclopes
  3 ugly things
  A griffon (Lair:6)
  2 manticores
  5 black mambas
  A centaur zombie (D:13)
  6 elephants (Lair:7)
  10 spiny frogs
  2 torpor snails (Lair:5)
  A gargoyle (D:12)
  A centaur skeleton (D:11)
  3 wandering mushrooms (Lair:6)
  12 komodo dragons
  9 trolls
  3 fire drakes
  23 blink frogs
  A polar bear (Lair:2)
  8 slime creatures
  A trapdoor spider (D:13)
  66 yaks
  Sigmund (D:5)
  A vampire (D:12)
  2 wraiths
  3 wyverns
  3 basilisks
  22 wolves
  9 hippogriffs
  6 humans
  2 hungry ghosts
  3 nagas (Lair:4)
  A soldier ant (D:11)
  22 orc warriors
  26 porcupines
  2 wargs
  9 water moccasins
  4 ice beasts
  6 centaurs
  5 sky beasts
  4 black bears
  3 phantoms
  An eye of draining (D:12)
  12 ogres
  2 wasps
  A necrophage (D:6)
  2 big kobolds
  9 crocodiles
  Blork the orc (D:6)
  27 giant frogs
  A gnoll sergeant (D:7)
  5 scorpions
  2 electric eels (Lair:6)
  3 giant frog zombies
  A quasit (D:6)
  9 wights
  12 crimson imps
  24 orc priests
  6 jellies
  3 giant frog skeletons
  A gnoll shaman (D:5)
  11 hounds
  8 iguanas
  31 orc wizards
  15 worker ants
  23 sheep
  A hound zombie (D:7)
  2 worker ant zombies
  20 gnolls
  28 adders
  27 river rats
  2 shadow imps
  An ooze (D:4)
  An adder zombie (D:9)
  An adder skeleton (D:4)
  5 worms
  7 giant geckos
  195 orcs
  19 bats
  A bat skeleton (D:4)
  3 bat zombies
  6 giant cockroaches
  23 goblins
  33 hobgoblins
  5 ball pythons
  9 giant newts
  9 jackals
  29 kobolds
  4 quokkas
  17 rats
  A spectral orc (Orc:3)
  7 ballistomycetes (D:13)
  A fungus (Lair:6)
  A plant (Lair:7)
995 creatures vanquished.

Vanquished Creatures (collateral kills)
  3 hydras
  6 death yaks
  A lindwurm (Lair:6)
  A black mamba (Lair:6)
  2 torpor snails (Lair:5)
  A raven (Lair:6)
  A human (Lair:5)
  A basilisk (Lair:5)
  A giant frog (Lair:7)
  A bush (Lair:1)
18 creatures vanquished.

Vanquished Creatures (others)
  4 bats
  A giant spore (D:13)
  A goblin (D:1)
  3 rats
  2 ballistomycetes (D:13)
  2 bushes
  19 fungi
  27 plants
59 creatures vanquished.

Grand Total: 1072 creatures vanquished

Notes
Turn   | Place    | Note
--------------------------------------------------------------
     0 | D:1      | hulla, the Octopode Earth Elementalist, began the quest for the Orb.
     0 | D:1      | Reached XP level 1. HP: 11/11 MP: 3/3
   240 | D:1      | Reached XP level 2. HP: 17/17 MP: 3/5
  1114 | D:2      | Reached XP level 3. HP: 18/21 MP: 4/6
  1715 | D:2      | Reached XP level 4. HP: 25/27 MP: 5/8
  2271 | D:2      | Reached skill level 4 in Stealth
  2506 | D:2      | Found a deep blue altar of Sif Muna.
  2509 | D:2      | Became a worshipper of Sif Muna the Loreminder
  2571 | D:2      | Learned a level 3 spell: Stone Arrow
  2575 | D:2      | Learned a level 3 spell: Passwall
  2578 | D:2      | Learned a level 2 spell: Stoneskin
  2661 | D:3      | Reached XP level 5. HP: 31/31 MP: 5/9
  3507 | D:3      | Reached XP level 6. HP: 32/36 MP: 8/10
  3540 | D:3      | Reached skill level 5 in Earth Magic
  4238 | D:4      | Acquired Sif Muna's first power
  4241 | D:4      | Reached skill level 6 in Earth Magic
  4241 | D:4      | Reached XP level 7. HP: 5/41 MP: 1/11
  5614 | D:4      | Reached skill level 7 in Earth Magic
  5744 | D:4      | Acquired Sif Muna's second power
  6024 | D:4      | Reached XP level 8. HP: 46/46 MP: 7/12
  6169 | D:4      | Reached skill level 8 in Earth Magic
  6283 | D:5      | Entered Level 5 of the Dungeon
  6884 | D:5      | Noticed Sigmund
  6888 | D:5      | Killed Sigmund
  6888 | D:5      | Reached skill level 5 in Spellcasting
  8205 | D:5      | Acquired Sif Muna's third power
  8344 | D:5      | Reached XP level 9. HP: 42/51 MP: 5/19
  8350 | D:5      | Learned a level 4 spell: Petrify
  8456 | D:5      | Found a staircase to the Ecumenical Temple.
  8553 | Temple   | Entered the Ecumenical Temple
  9034 | D:7      | Reached skill level 5 in Transmutations
 10409 | D:6      | Reached skill level 9 in Earth Magic
 10625 | D:6      | Noticed Blork the orc
 10683 | D:6      | Killed Blork the orc
 10795 | D:6      | Received a gift from Sif Muna
 10795 | D:6      | Reached XP level 10. HP: 56/56 MP: 17/20
 10799 | D:6      | Learned a level 1 spell: Summon Small Mammal
 11306 | D:6      | Reached skill level 10 in Earth Magic
 12969 | D:8      | Found a staircase to the Lair.
 13067 | D:8      | Reached skill level 11 in Earth Magic
 14244 | D:9      | Found Kothrotz's Armour Boutique.
 14373 | D:9      | Received a gift from Sif Muna
 14374 | D:9      | Identified Sif Muna's Compendium of Transmigration (Sif Muna gifted it to you on level 9 of the Dungeon)
 14630 | D:9      | Found Gaumey's Distillery.
 14672 | D:9      | Found Zioniass's Armour Shop.
 14706 | D:9      | Found Ykorgh's Assorted Antiques.
 14927 | D:9      | Found an opulent altar of Gozag.
 15086 | D:9      | Learned a level 2 spell: Sticks to Snakes
 15242 | D:9      | Found Azuthric's Assorted Antiques.
 15316 | D:9      | Reached XP level 11. HP: 61/61 MP: 6/21
 15462 | D:9      | Reached skill level 10 in Transmutations
 16656 | D:9      | Found a staircase to the Orcish Mines.
 16712 | Orc:1    | Entered Level 1 of the Orcish Mines
 17085 | Orc:2    | Received a gift from Sif Muna
 17103 | Orc:2    | Identified Sif Muna's Compendium of Transformation (Sif Muna gifted it to you on level 2 of the Orcish Mines)
 17304 | Lair:1   | Entered Level 1 of the Lair of Beasts
 17378 | Lair:1   | Learned a level 6 spell: Hydra Form
 18906 | D:8      | HP: 3/61 [komodo dragon (29)]
 19606 | D:8      | Noticed a yaktaur captain
 19963 | D:8      | Reached skill level 5 in Dodging
 20465 | Lair:1   | Identified the Volume of Summoning
 23219 | Orc:2    | Reached XP level 12. HP: 59/66 MP: 20/22
 23249 | Orc:2    | Found Wosezxel's Magic Scroll Boutique.
 23414 | Orc:2    | Bought a scroll of identify for 24 gold pieces
 23414 | Orc:2    | Bought a scroll of fear for 42 gold pieces
 23414 | Orc:2    | Bought a scroll of teleportation for 36 gold pieces
 23414 | Orc:2    | Bought a scroll of identify for 24 gold pieces
 23414 | Orc:2    | Bought a scroll of teleportation for 36 gold pieces
 23414 | Orc:2    | Bought a scroll of identify for 24 gold pieces
 23414 | Orc:2    | Bought a scroll of identify for 24 gold pieces
 23414 | Orc:2    | Bought a scroll of blinking for 90 gold pieces
 23420 | Orc:2    | Found Tifibo's Armour Emporium.
 23803 | Orc:2    | Reached skill level 1 in Fighting
 24576 | Orc:1    | Noticed Fannar
 24651 | Orc:3    | Found a staircase to the Elven Halls.
 26114 | Orc:3    | Noticed Rupert
 26484 | D:8      | Reached skill level 5 in Fighting
 26951 | Lair:1   | Learned a level 3 spell: Spider Form
 27647 | Lair:2   | Noticed an eight-headed hydra
 31647 | Lair:3   | Reached XP level 13. HP: 91/91 MP: 15/23
 31732 | Lair:3   | Noticed a four-headed hydra
 32159 | Lair:3   | Reached skill level 10 in Fighting
 33539 | Lair:4   | Reached skill level 10 in Dodging
 33628 | Lair:4   | Found a staircase to the Snake Pit.
 34498 | Lair:4   | Found a staircase to the Swamp.
 36584 | Lair:5   | Reached skill level 12 in Transmutations
 37937 | Lair:5   | Found a snail-covered altar of Cheibriados.
 38604 | Lair:6   | Reached skill level 1 in Conjurations
 39277 | Lair:6   | Received a gift from Sif Muna
 39279 | Lair:6   | Identified Sif Muna's Compendium of Mutagenic Earth (Sif Muna gifted it to you on level 6 of the Lair of Beasts)
 39722 | Lair:6   | Found a viscous altar of Jiyva.
 39723 | Lair:6   | Found a staircase to the Slime Pits.
 40052 | Lair:6   | Reached skill level 5 in Conjurations
 40888 | Lair:2   | Killed an eight-headed hydra
 40973 | Lair:2   | Reached XP level 14. HP: 99/99 MP: 14/24
 42609 | Lair:4   | Received a gift from Sif Muna
 45955 | Lair:6   | Reached skill level 10 in Conjurations
 46916 | Lair:7   | Received a gift from Sif Muna
 46917 | Lair:7   | Identified Sif Muna's Handbook of Fire (Sif Muna gifted it to you on level 7 of the Lair of Beasts)
 47438 | Lair:7   | Learned a level 4 spell: Sticky Flame
 47475 | Lair:7   | Reached skill level 1 in Fire Magic
 48737 | D:10     | Entered Level 10 of the Dungeon
 48847 | D:10     | Reached skill level 1 in Unarmed Combat
 49091 | D:10     | Found a bloodstained altar of Trog.
 51733 | D:11     | Reached skill level 5 in Unarmed Combat
 51909 | D:12     | Reached XP level 15. HP: 103/103 MP: 10/25
 52896 | D:12     | Gained mutation: You expend magic power (3 MP) to strengthen your wands. [mutagenic meat]
 53154 | D:12     | Found a shimmering altar of Xom.
 53620 | D:13     | Found a gate to the Vaults.
 57214 | Lair:1   | Reached skill level 13 in Transmutations
 57214 | Lair:1   | Reached XP level 16. HP: 109/109 MP: 26/26
 57227 | Lair:1   | Gained mutation: You are frail (-10% HP). [potion of mutation]
 57227 | Lair:1   | Gained mutation: You occasionally shout uncontrollably at your foes. [potion of mutation]
 57228 | Lair:1   | Lost mutation: You are frail (-10% HP). [potion of cure mutation]
 57228 | Lair:1   | Lost mutation: You expend magic power (3 MP) to strengthen your wands. [potion of cure mutation]
 57228 | Lair:1   | Lost mutation: You occasionally shout uncontrollably at your foes. [potion of cure mutation]
 57713 | Orc:3    | Noticed Nergalle
 57866 | Orc:2    | Killed Fannar
 58300 | Orc:1    | Reached skill level 10 in Unarmed Combat
 58501 | Orc:3    | Killed Nergalle
 58576 | Orc:3    | Received a gift from Sif Muna
 58938 | Orc:3    | Noticed Urug
 58952 | Orc:3    | Killed Urug
 59189 | Orc:4    | Entered Level 4 of the Orcish Mines
 60000 | Orc:4    | Paralysed by Rupert for 7 turns
 60010 | Orc:4    | HP: 5/141 [Rupert/battleaxe of chopping (12)]
 60013 | Orc:4    | Slain by Rupert

Action                   |  1- 3 |  4- 6 |  7- 9 | 10-12 | 13-15 | 16-18 || total
-------------------------+-------+-------+-------+-------+-------+-------++-------
Melee: Unarmed           |    32 |     7 |     8 |   263 |   501 |   100 ||   911
       Spear             |     9 |    42 |       |       |       |       ||    51
       Dagger            |       |    50 |   165 |   411 |   249 |    48 ||   923
       Trident           |       |       |       |    63 |   164 |       ||   227
       Flail             |       |       |       |    12 |       |       ||    12
Throw: Stone             |     6 |    17 |    19 |    10 |     1 |       ||    53
       Tomahawk          |       |       |    27 |   181 |   131 |    12 ||   351
 Cast: Sandblast         |    36 |    46 |    62 |   172 |   126 |     3 ||   445
       Stone Arrow       |       |    16 |   122 |   217 |   380 |    36 ||   771
       Stoneskin         |       |     1 |       |    16 |    19 |       ||    36
       Petrify           |       |       |     6 |    79 |    50 |     7 ||   142
       Summon Small Mamm |       |       |       |    15 |     7 |     1 ||    23
       Sticks to Snakes  |       |       |       |     6 |    88 |       ||    94
       Hydra Form        |       |       |       |    21 |    11 |     8 ||    40
       Spider Form       |       |       |       |     9 |    31 |     5 ||    45
       Sticky Flame      |       |       |       |       |    52 |    11 ||    63
Invok: Channel Energy    |       |       |       |     5 |       |       ||     5
 Abil: End Transformatio |       |       |       |     6 |    12 |     3 ||    21
Evoke: Rod               |       |       |       |     2 |       |       ||     2
  Use: Potion            |     2 |       |       |     1 |     5 |     2 ||    10
       Scroll            |     1 |     7 |     4 |    16 |    19 |     2 ||    49
 Stab: Sleeping          |     2 |     5 |     4 |     6 |     3 |     1 ||    21
       Distracted        |       |       |     1 |     1 |     1 |       ||     3
       Petrified         |       |       |     4 |    36 |    12 |     6 ||    58
       Petrifying        |       |       |       |     7 |     5 |       ||    12
  Eat: Chunk             |     3 |     9 |    26 |    49 |    52 |     3 ||   142
       Fruit             |       |       |       |     7 |     5 |       ||    12
       Meat ration       |       |       |       |     1 |       |       ||     1
       Royal jelly       |       |       |       |       |     1 |       ||     1
       Pizza             |       |       |       |       |     1 |       ||     1
